 Dungeon Crawl Stone Soup version 0.27.1 (webtiles) character file.

Game seed: 12490903604783703197

527 ZARRMARR the Magician (level 7, -2/38 HPs)
             Began as a Deep Elf Fire Elementalist on Aug 29, 2021.
             Slain by a centaur zombie (3 damage)
             ... in an ossuary.
             The game lasted 00:22:33 (3634 turns).

ZARRMARR the Magician (Deep Elf Fire Elementalist)  Turns: 3634, Time: 00:22:33

Health: -2/38      AC:  2    Str:  6 (7)  XL:     7   Next: 2%
Magic:  8/17       EV: 17    Int: 21 (22) God:
Gold:   135        SH:  0    Dex: 15      Spells: 16/17 levels left

rFire    . . .     SeeInvis +   (no weapon)
rCold    . . .     Faith    .   (no shield)
rNeg     . . .     Spirit   .   a - +0 robe
rPois    .         Reflect  .   (no helmet)
rElec    .         Harm     .   (no cloak)
rCorr    .         Rampage  .   (no gloves)
Will     +....                  (no boots)
Stlth    +++.......             (no amulet)
HPRegen  0.12/turn              l - +4 ring of evasion
MPRegen  0.15/turn              n - ring of see invisible

@: very slightly contaminated
A: deterioration 1, strong-willed 1, sense surroundings 1, strong 1
a: no special abilities


You were in an ossuary.
You visited 1 branch of the dungeon, and saw 4 of its levels.
You also visited: Sewer and Ossuary.

You collected 135 gold pieces.

Inventory:

Armour
 a - a +0 robe (worn)
Jewellery
 l - a +4 ring of evasion (left hand)
 n - a ring of see invisible (right hand)
Scrolls
 c - a scroll of enchant weapon
 e - 2 scrolls of teleportation
 g - a scroll of acquirement {unknown}
 h - a scroll of summoning {unknown}
 i - a scroll of fog {unknown}
 j - a scroll of amnesia
 k - a scroll of magic mapping {unknown}
Potions
 b - 2 potions of mutation
 d - a potion of curing


   Skills:
 - Level 1.3 Fighting
 + Level 2.8 Dodging
 + Level 3.7 Stealth
 + Level 5.8 Spellcasting
 + Level 3.7 Conjurations
 + Level 5.5 Fire Magic


You had 16 spell levels left.
You knew the following spells:

 Your Spells              Type           Power      Damage    Failure   Level
a - Foxfire               Conj/Fire      100%       2x1d9     1%          1

Your spell library contained the following spells:

 Spells                   Type           Power      Damage    Failure   Level
 Conjure Flame            Conj/Fire      25%        6-21      4%          3
 Inner Flame              Hex/Fire       17%        N/A       10%         3
 Sticky Flame             Conj/Fire      25%        2d5       14%         4
 Blink                    Tloc           N/A        N/A       16%         2
 Lesser Beckoning         Tloc           3%         N/A       30%         3
 Fireball                 Conj/Fire      12%        3d7       38%         5
 Manifold Assault         Tloc           6%         N/A       95%         5


Dungeon Overview and Level Annotations

Branches:
Dungeon (4/15)              Sewer (visited)         Ossuary (1/1)
 Temple: D:4-7

Altars:
Dithmenos
The Shining One

Shops:
D:2 [


Innate Abilities, Weirdness & Mutations

Your body sometimes deteriorates upon taking damage.
You are strong-willed. (Will+)
You passively map a small area around you.
Your muscles are strong. (Str +2)


Message History

Your body deteriorates!
You feel dopey.
You barely miss the wyvern zombie.
The wyvern zombie is almost destroyed.
The foxfire hits the wyvern zombie.
The wyvern zombie is almost destroyed.
The foxfire hits the wyvern zombie but does no damage.
The wyvern zombie is almost destroyed.
The wyvern zombie bites you!
* * * LOW HITPOINT WARNING * * *
The wyvern zombie barely misses you.
Blink to where?
Press: ? - help, Dir - move target
As you read the scroll of blinking, it crumbles to dust.
Casting: Foxfire (safe; 1% risk of failure)
Confirm with . or Enter, or press ? or * to list all spells.
You miscast Foxfire.
You are very lightly contaminated with residual magic.
Nothing appears to happen.
The wyvern zombie closely misses you.
A bullfrog zombie comes into view.
The wyvern zombie completely misses you.
The wyvern zombie bites you.
* * * LOW HITPOINT WARNING * * *
There is an open door here.
Casting: Foxfire (safe; 1% risk of failure)
Confirm with . or Enter, or press ? or * to list all spells.
You conjure some foxfire!
The wyvern zombie bites you.
* * * LOW HITPOINT WARNING * * *
The wyvern zombie bites you but does no damage.
You barely miss the wyvern zombie.
The wyvern zombie is almost destroyed.
The foxfire hits the wyvern zombie.
You destroy the wyvern zombie!
The foxfire hits the centaur zombie.
The centaur zombie is lightly damaged.
You feel your intelligence returning.
You have reached level 7!
Casting: Foxfire (safe; 1% risk of failure)
Confirm with . or Enter, or press ? or * to list all spells.
You conjure some foxfire!
The centaur zombie hits you.
You die...

* *,+.# ≈
#.' , * *
'.# ,,, *
#.# , * * *
+.+ ', ,
#.#####,*
+.#§v∩# *
###.Z@∩.# ,
#.'.#v..#,
###.#####.#
#.'........
,'
###'#+#+#+#
*+ #.# , *
###* *


You could see a centaur zombie (ally target).

Vanquished Creatures
  Purgy (Sewer)
  A wyvern zombie (Ossuary)
  A hound (D:4)
  2 bullfrog zombies (Ossuary)
  A jelly (D:4)
  An iguana (D:4)
  An orc wizard (D:4)
  5 mummies (Ossuary)
  An adder (D:2)
  A worm (D:3)
  2 dart slugs (D:1)
  12 orcs
  6 bats
  An endoplasm (D:4)
  9 giant cockroaches
  6 goblins
  7 hobgoblins
  11 kobolds
  8 quokkas
  10 ball pythons
  8 frilled lizards
  22 rats
117 creatures vanquished.

Vanquished Creatures (others)
  307 foxfires
  6 withered plants (Ossuary)
313 creatures vanquished.

Grand Total: 430 creatures vanquished

Notes
Turn   | Place    | Note
-------+----------+-------------------------------------------
     0 | D:1      | ZARRMARR the Deep Elf Fire Elementalist began the quest for
                  | the Orb.
     0 | D:1      | Reached XP level 1. HP: 10/10 MP: 6/6
   169 | D:1      | Reached XP level 2. HP: 15/15 MP: 4/8
   705 | D:1      | Reached XP level 3. HP: 19/19 MP: 6/9
  1050 | D:2      | Found Takeavvu's Antique Armour Shoppe.
  1510 | D:2      | Reached XP level 4. HP: 24/24 MP: 6/11
  1799 | D:3      | Found a shadowy altar of Dithmenos.
  1961 | D:3      | Found a faded altar of an unknown god.
  2003 | D:3      | Found a glowing drain.
  2022 | Sewer    | Entered a sewer
  2084 | Sewer    | Noticed Purgy
  2094 | Sewer    | Killed Purgy
  2095 | Sewer    | Reached skill level 1 in Fighting
  2095 | Sewer    | Reached XP level 5. HP: 18/29 MP: 8/13
  2372 | Sewer    | Gained mutation: You are strong-willed. (Will+) [potion of
                  | mutation]
  2372 | Sewer    | Gained mutation: Your body sometimes deteriorates upon
                  | taking damage. [potion of mutation]
  2372 | Sewer    | Gained mutation: You passively map a small area around you.
                  | [potion of mutation]
  2372 | Sewer    | Gained mutation: Your muscles are strong. (Str +2) [potion
                  | of mutation]
  3065 | D:3      | Found a glowing golden altar of the Shining One.
  3235 | D:4      | Reached XP level 6. HP: 34/34 MP: 6/15
  3237 | D:4      | Reached skill level 5 in Fire Magic
  3388 | D:4      | Reached skill level 5 in Spellcasting
  3447 | D:4      | Found a sand-covered staircase.
  3456 | Ossuary  | Entered an ossuary
  3632 | Ossuary  | HP: 1/34 [wyvern zombie (2)]
  3634 | Ossuary  | Reached XP level 7. HP: 1/38 MP: 9/17
  3634 | Ossuary  | Slain by a centaur zombie

Illustrated notes

Levels and vault maps discovered:
D:1:      minmay_arrival_checkered_box, layout_rooms
D:2:      layout_basic, serial_shops, shop, minmay_rat_hole
D:3:      layout_loops_ring, mainiacjoe_overflow_alcove_2,
          nicolae_dithmenos_through_a_glass_darkly,
          hellmonk_ecumenical_altar_run_dry, gup_sewer_entry_pipe
D:4:      layout_rooms, enter_ossuary_1, serial_curves, eino_curves_03,
          eino_curves_01
Ossuary:  ossuary_zaba_flooded

Skill      XL: |  1  2  3  4  5  6 |
---------------+-------------------+-----
Fire Magic     | 4 5 |  5.5
Stealth        | 3 |  3.7
Conjurations   | 2 3 |  3.7
Fighting       | 1 |  1.3
Spellcasting   | 4 5 |  5.8
Dodging        | |  2.8

Action                   |  1- 3 |  4- 6 |  7- 9 || total
-------------------------+-------+-------+-------++-------
Melee: Unarmed           |     7 |    24 |       ||    31
 Cast: Foxfire           |    69 |   106 |     1 ||   176
  Use: Scroll            |     1 |     5 |       ||     6
       Potion            |       |     8 |       ||     8
Armor: Robe              |     1 |     3 |       ||     4
Dodge: Dodged            |     9 |    30 |       ||    39
